 Dungeon Crawl Stone Soup version 0.30-a0-778-g2ef04afb54 (webtiles) character file.

Game seed: 8212722830783925248

6005 Beavis the Fighter (level 10, -3/83 HPs)
             Began as a Demonspawn Hunter on Feb 16, 2023.
             Was a Believer of Vehumet.
             Slain by a tentacled starspawn (24 damage)
             ... on level 2 of the Abyss.
             The game lasted 00:12:42 (6423 turns).

Beavis the Fighter (Demonspawn Hunter)              Turns: 6423, Time: 00:12:42

Health: -3/83      AC: 12    Str: 13    XL:     10   Next: 56%
Magic:  0/10       EV: 19    Int: 14    God:    Vehumet [**....]
Gold:   1288       SH:  0    Dex: 26    Spells: 9/9 levels left

rFire   . . .      SeeInvis .    y - +3 shortbow (flame)
rCold   + . .      Faith    .    (shield currently unavailable)
rNeg    . . .      Spirit   +    w - +0 leather armour {rC+}
rPois   .          Reflect  .    u - +0 helmet
rElec   .          Harm     .    t - +2 cloak
rCorr   .          Rampage  .    o - +0 pair of gloves
Will    .....                    (no boots)
Stlth   +++                      m - amulet of regeneration
HPRegen 1.13/turn                l - +4 ring of protection
MPRegen 0.24/turn                b - +6 ring of dexterity

@: silenced
A: thin skeletal structure 2, powered by pain 1, magic shield, magic
regeneration, demonic touch 2
a: Renounce Religion


You were on level 2 of the Abyss.
You worshipped Vehumet.
Vehumet was pleased with you.
You visited 1 branch of the dungeon, and saw 9 of its levels.
You visited the Abyss 1 time.

You collected 1288 gold pieces.

Inventory:

Hand Weapons
 a - a +0 shortbow of chaos
 y - a +3 shortbow of flaming (weapon)
Missiles
 n - a throwing net
Armour
 o - a +0 pair of gloves (worn)
 t - a +2 cloak (worn)
 u - a +0 helmet (worn)
 w - a +0 leather armour of cold resistance (worn)
Jewellery
 b - a +6 ring of dexterity (right hand)
 l - a +4 ring of protection (left hand)
 m - an amulet of regeneration (around neck)
Wands
 d - a wand of polymorph (10)
 e - a wand of mindburst (8)
 f - a wand of flame (42)
 g - a wand of iceblast (4)
Scrolls
 r - a scroll of enchant armour
 s - 4 scrolls of vulnerability
Potions
 h - a potion of resistance {unknown}
 i - a potion of brilliance
 j - 2 potions of cancellation
 k - 2 potions of mutation
 v - 2 potions of attraction
 x - a potion of might
 A - a potion of haste
 B - a potion of ambrosia


   Skills:
 + Level 9.5 Fighting
 + Level 9.3 Ranged Weapons
 + Level 8.7 Dodging
 - Level 0.8 Stealth


You had 9 spell levels left.
You didn't know any spells.
Your spell library contained the following spells:

 Spells                   Type           Power      Damage    Failure   Level
 Magic Dart               Conj           0%         1d3       36%         1
 Dazzling Flash           Conj/Hex       0%         N/A       73%         3
 Ozocubu's Armour         Ice            0%         N/A       73%         3
 Iskenderun's Mystic Bla  Conj/Tloc      0%         2d3       98%         4
 Olgreb's Toxic Radiance  Pois           0%         N/A       98%         4
 Passage of Golubria      Tloc           0%         N/A       98%         4
 Metabolic Englaciation   Hex/Ice        0%         N/A       100%        5
 Silence                  Hex/Air        0%         N/A       100%        5
 Summon Forest            Summ/Tloc      0%         N/A       100%        5
 Eringya's Noxious Bog    Tmut/Pois      0%         N/A       100%        6
 Simulacrum               Ice/Necr       0%         N/A       100%        6
 Starburst                Conj/Fire      0%         6d3       100%        6
 Ozocubu's Refrigeration  Ice            0%         4d7       100%        7
 Summon Hydra             Summ           0%         N/A       100%        7
 Ignition                 Fire           0%         3d3       100%        8
 Lehudib's Crystal Spear  Conj/Erth      0%         10d2      100%        8


Dungeon Overview and Level Annotations

Branches:
Dungeon (9/15)             Temple (0/1) D:7
   Lair: D:8-11         Orc: D:9-12

Altars:
Ashenzari
Cheibriados
Dithmenos
Gozag
Hepliaklqana
Okawaru
Sif Muna
Uskayaw
Vehumet

Shops:
D:3 *

Annotations:
D:7 3 runed translucent doors, avis's ghost, novice DgHu; bande's ghost, novice GrFi
D:9 Psyche


Innate Abilities, Weirdness & Mutations

You have a moderately thin skeletal structure. (Dex +4, Stealth++)
You sometimes gain a little power by taking damage.
When hurt, damage is shared between your health and your magic reserves.
You regenerate magic rapidly.
Your touch may inflict irresistible damage on your foes.


Message History

You shoot an arrow. The arrow misses the flying skull.
The arrow hits the large abomination!
The arrow burns the large abomination.
The large abomination is moderately damaged.
You feel sick. The flying skull hits you. The orange demon closely misses you.
You feel sick. The flying skull barely misses you.
The orange demon stings you from afar. The flying skull closely misses you.
You feel sick. The flying skull barely misses you.
The orange demon stings you but does no damage.
You feel sick. The flying skull closely misses you.
The orange demon stings you but does no damage.
The flying skull closely misses you.
You feel sick. The flying skull misses you.
A starcursed mass comes into view.
The orange demon closely misses you.
You feel sick. The flying skull completely misses you.
The orange demon stings you from afar! The flying skull misses you.
You feel sick. The flying skull misses you. The orange demon misses you.
The white imp shouts, "Turn tail, thou rough-hewn swag-bellied canker-blossom!"
You feel better. The flying skull barely misses you.
The orange demon stings you from afar. The flying skull hits you!
The flying skull hits you.
* * * LOW HITPOINT WARNING * * *
The orange demon completely misses you.
You feel better. The flying skull hits you!
The orange demon stings you but does no damage.
The flying skull misses you. The flying skull hits you.
* * * LOW HITPOINT WARNING * * *
The orange demon stings you from afar!
* * * LOW HITPOINT WARNING * * *
You are lethally poisoned!
The orange demon poisons you!
* * * LOW HITPOINT WARNING * * *
You feel very sick. The flying skull misses you. The orange demon misses you.
You feel better. The orange demon barely misses you.
As you read the scroll of silence, it crumbles to dust.
A profound silence engulfs you. The orange demon closely misses you.
The tentacled starspawn bites you!!
You die...

# ..# #. #
.# # #
5#.. . ..
#. ..#.# #
5.#..#
##.#.##...
#...xX.#.
# #. ###
4z### #
##X5.#
#@###. ###
.# . #


You could see a tentacled starspawn (unsilenced), an orange demon, a large
abomination, a flying skull and a white imp (unsilenced).

Vanquished Creatures
  A two-headed ogre (D:8)
  Maurice (D:9)
  Maggie (D:9)
  Prince Ribbit (D:5)
  A hornet (D:9)
  5 yaks (D:9)
  A wyvern (D:8)
  A steam dragon (D:5)
  A water moccasin (D:9)
  An orc warrior (D:9)
  3 ice beasts
  2 sky beasts
  2 black bears
  3 ogres
  5 centaurs
  A phantom (D:4)
  Blork the orc (D:4)
  2 necrophages
  2 scorpions
  6 wights (D:6)
  14 killer bees
  A howler monkey (D:9)
  A gnoll bouda (D:5)
  2 hounds (D:6)
  A jelly (D:6)
  5 orc priests
  5 iguanas
  An orc wizard (D:7)
  4 gnolls (D:5)
  2 adders (D:2)
  2 shadow imps
  4 white imps
  2 worms
  16 orcs
  7 endoplasms
  3 giant cockroaches
  3 goblins
  4 hobgoblins
  3 jackals (D:3)
  3 quokkas
  2 ball pythons
  3 bats
  3 frilled lizards (D:1)
  8 kobolds
  3 rats
143 creatures vanquished.

Vanquished Creatures (others)
  An orc zombie (D:5)
  A fungus (D:7)
  6 starspawn tentacles (Abyss:2)
8 creatures vanquished.

Grand Total: 151 creatures vanquished

Notes
Turn   | Place    | Note
-------+----------+-------------------------------------------
     0 | D:1      | Beavis the Demonspawn Hunter began the quest for the Orb.
     0 | D:1      | Reached XP level 1. HP: 16/16 MP: 1/1
   136 | D:1      | Found a faded altar of an unknown god.
   194 | D:1      | Gained mutation: You regenerate magic rapidly. [demonic
                  | ancestry]
   194 | D:1      | Reached XP level 2. HP: 22/22 MP: 2/2
   684 | D:2      | Gained mutation: You sometimes gain a little power by
                  | taking damage. [demonic ancestry]
   684 | D:2      | Reached XP level 3. HP: 28/28 MP: 3/3
  1444 | D:3      | Found Kiasaewa's Assorted Antiques.
  1821 | D:4      | Gained mutation: When hurt, damage is shared between your
                  | health and your magic reserves. [demonic ancestry]
  1821 | D:4      | Reached XP level 4. HP: 35/35 MP: 4/4
  1897 | D:4      | Noticed a phantom
  1915 | D:5      | Entered Level 5 of the Dungeon
  1992 | D:5      | Reached XP level 5. HP: 26/41 MP: 3/5
  2079 | D:5      | Noticed an ice beast
  2094 | D:5      | Killed an ice beast
  2141 | D:5      | Found a shadowy altar of Dithmenos.
  2234 | D:5      | Noticed Prince Ribbit
  2246 | D:5      | Gained mutation: Your touch may inflict minor irresistible
                  | damage on your foes. [demonic ancestry]
  2246 | D:5      | Reached XP level 6. HP: 26/48 MP: 3/6
  2331 | D:5      | Noticed Pikel
  2350 | D:5      | Noticed a steam dragon
  2360 | D:4      | Pikel changed into Pikel the black bear
  2360 | D:4      | Noticed Pikel
  2366 | D:4      | HP: 1/72 [Pikel the black bear (7)]
  2374 | D:4      | HP: 2/48 [Pikel the black bear (1)]
  2523 | D:4      | Killed Pikel the black bear
  2524 | D:4      | Reached skill level 5 in Ranged Weapons
  2651 | D:4      | Found a radiant altar of Vehumet.
  2660 | D:4      | Became a worshipper of Vehumet
  2792 | D:4      | Found a hazy altar of Hepliaklqana.
  2792 | D:4      | Noticed Blork the orc
  2801 | D:4      | Killed Blork the orc
  2802 | D:4      | Gained mutation: Your touch may inflict irresistible damage
                  | on your foes. [demonic ancestry]
  2802 | D:4      | Reached XP level 7. HP: 42/55 MP: 4/7
  2846 | D:4      | Found a faded altar of an unknown god.
  3203 | D:4      | Reached skill level 5 in Fighting
  3303 | D:5      | Killed Prince Ribbit
  3304 | D:5      | Reached skill level 5 in Dodging
  3371 | D:5      | Gained mutation: You have a somewhat thin skeletal
                  | structure. (Dex +2, Stealth+) [demonic ancestry]
  3371 | D:5      | Reached XP level 8. HP: 64/64 MP: 8/8
  3985 | D:6      | Reached * piety under Vehumet
  3985 | D:6      | Offered knowledge of Kiss of Death by Vehumet.
  4123 | D:6      | Gained mutation: You have a moderately thin skeletal
                  | structure. (Dex +4, Stealth++) [demonic ancestry]
  4123 | D:6      | Reached XP level 9. HP: 66/72 MP: 7/9
  4489 | D:7      | Found a runed translucent gate.
  4489 | D:7      | Found a runed translucent gate.
  4490 | D:7      | Found a runed translucent gate.
  4497 | D:7      | Noticed avis's ghost (novice DgHu)
  4497 | D:7      | Noticed bande's ghost (novice GrFi)
  4712 | D:7      | Found an iron altar of Okawaru.
  4715 | D:7      | Found a hide-covered altar of Uskayaw.
  4734 | D:7      | Found a staircase to the Ecumenical Temple.
  4866 | D:7      | Found a snail-covered altar of Cheibriados.
  4867 | D:7      | Found a shimmering blue altar of Sif Muna.
  4926 | D:7      | Identified a scroll of acquirement
  4927 | D:7      | Acquired 883 gold pieces
  5021 | D:8      | Noticed a two-headed ogre
  5027 | D:8      | Killed a two-headed ogre
  5265 | D:8      | Found an opulent altar of Gozag.
  5579 | D:9      | Noticed Maggie
  5591 | D:9      | Killed Maggie
  5592 | D:9      | Reached XP level 10. HP: 26/82 MP: 10/10
  5798 | D:9      | Found a broken altar of Ashenzari.
  5847 | D:9      | Reached ** piety under Vehumet
  5847 | D:9      | Offered knowledge of Magic Dart by Vehumet.
  5953 | D:9      | Identified the +2 dagger of Zuwn {flame, rElec rC- Int+5}
  5953 | D:9      | Noticed Maurice
  6008 | D:9      | Killed Maurice
  6052 | D:9      | Noticed Psyche
  6268 | Abyss:2  | Cast into level 2 of the Abyss (Psyche)
  6280 | Abyss:2  | Noticed a tentacled starspawn
  6315 | Abyss:2  | Found a corrupted altar of Lugonu.
  6337 | Abyss:2  | Found a corrupted altar of Lugonu.
  6371 | Abyss:2  | Noticed a tentacled starspawn
  6386 | Abyss:2  | Noticed an orange demon
  6398 | Abyss:2  | Noticed a large abomination
  6414 | Abyss:2  | Noticed a starcursed mass
  6423 | Abyss:2  | Slain by a tentacled starspawn

Illustrated notes

Levels and vault maps discovered:
D:1:      spicycebolla_arrival_xxxplode, layout_rooms,
          shapermc_ecumenical_altar_venn
D:2:      layout_loops_cross, nrook_loot_triangle, minmay_misc_feat_doors,
          kennysheep_nub, corexii_leaking_fountain
D:3:      layout_loops_cross, serial_shops, shop, minivault_11, minivault_24
D:4:      layout_basic, vehumet_altar_wand_db,
          beargit_hepliaklqana_dungeon_heroes, nicolae_titane
D:5:      layout_loops_ring, grunt_dithmenos_shadows, st_stairs_5,
          uniq_prince_ribbit1, uniq_pikel
D:6:      layout_loops_ring, minmay_splitting_lines
D:7:      layout_rooms, mainiacjoe_overflow_chevrons,
          mainiacjoe_overflow_alcove_3, minmay_temple_entry_sparse_star,
          gammafunk_ghost_cemetery
D:8:      layout_basic, grunt_gozag_breadcrumbs
D:9:      layout_long_grid, nicolae_ashenzari_panopticon, erik_orc_4,
          uniq_psyche, uniq_maggie, uniq_maurice
Abyss:2:  base: D:1, base: D:8, evilmike_abyss_exit_17

Skill      XL: |  1  2  3  4  5  6  7  8  9 10 |
---------------+-------------------------------+-----
Dodging        | 2 3 4 5 6 7 8 |  8.7
Ranged Weapons | 4 5 6 7 8 9 |  9.3
Fighting       | 3 4 5 7 8 9 |  9.5
Stealth        | |  0.8

Action                     |  1- 3 |  4- 6 |  7- 9 | 10-12 || total
---------------------------+-------+-------+-------+-------++-------
  Melee: Shortbow          |       |     2 |       |       ||     2
         Unarmed           |       |       |       |     1 ||     1
   Fire: Shortbow          |    95 |    93 |   262 |   111 ||   561
  Throw: Throwing net      |       |       |       |     1 ||     1
  Evoke: Wand              |       |     2 |     6 |     3 ||    11
    Use: Scroll            |     5 |     6 |     6 |     3 ||    20
         Potion            |       |     8 |       |     7 ||    15
 Armour: Leather armour    |    14 |    29 |    49 |    31 ||   123
  Dodge: Dodged            |    32 |    70 |   144 |   216 ||   462

Table legend: (Time is in decaauts)
 A = Elapsed time spent in this place.
 B = Non-inter-level travel time spent in this place.
 C = Inter-level travel time spent in this place.
 D = Time resting spent in this place.
 E = Time spent auto-exploring this place.
 F = Levels seen in this place.
 G = Mean time per level.
                   A        B        C        D        E       F      G
               +--------+--------+--------+--------+--------+-----+--------+
         Total |   6542 |   6193 |    349 |      2 |   4712 |  10 |  654.2 |
       Dungeon |   6387 |   6038 |    349 |      2 |   4712 |   9 |  709.7 |
         Abyss |    155 |    155 |      0 |      0 |      0 |   1 |  155.0 |
               +--------+--------+--------+--------+--------+-----+--------+

Top non-repeatable levels by time:
     D:4: 1049 daAuts
     D:5: 933 daAuts
     D:6: 774 daAuts
     D:8: 701 daAuts
     D:3: 699 daAuts
     D:9: 628 daAuts
     D:2: 607 daAuts
     D:1: 521 daAuts
     D:7: 472 daAuts
 Abyss:2: 155 daAuts
